 Dungeon Crawl Stone Soup version 0.31-a0-232-gb1c03b2570 (webtiles) character file.

Game seed: 10566150882957822350

59 qw the Shooter (level 4, -3/26 HPs)
             Began as a Gargoyle Hexslinger on July 7, 2023.
             Slain by a gnoll
             ... wielding a +0 spear
              (5 damage)
             ... on level 2 of the Dungeon.
             The game lasted 00:00:25 (684 turns).

qw the Shooter (Gargoyle Hexslinger)                 Turns: 684, Time: 00:00:25

Health: -3/26      AC:  8    Str: 11    XL:     4   Next: 3%
Magic:  5/5        EV: 12    Int: 14    God:
Gold:   57         SH:  0    Dex: 14    Spells: 4/5 levels left

rFire   . . .        Y - +1 sling (freeze)
rCold   . . .        (no shield)
rNeg    + . .        c - +0 robe
rPois   inf          (no helmet)
rElec   +            (no cloak)
rCorr   .            (no gloves)
SInv    .            g - +2 pair of boots
Will    .....        (no amulet)
Stlth   +            (no ring)
HPRegen 0.24/turn    (no ring)
MPRegen 0.09/turn

%: no passive effects
@: no status effects
A: sickness immunity, AC +3, negative energy resistance 1, electricity
resistance, torment resistance 1, petrification resistance
a: no special abilities


You were on level 2 of the Dungeon.
You visited 1 branch of the dungeon, and saw 2 of its levels.

You collected 57 gold pieces.


Innate Abilities, Weirdness & Mutations

You are immune to sickness and miasma.
Your stone body is resilient. (AC +3)
You are immune to poison.
You resist negative energy. (rN+)
You are resistant to electric shocks. (rElec)
You are resistant to unholy torment.
You are immune to petrification.


   Skills:
 - Level 2.0 Fighting
 + Level 3.8 Ranged Weapons
 - Level 1.5 Dodging
 - Level 1.0 Spellcasting
 - Level 2.6 Hexes


You had 4 spell levels left.
You knew the following spells:

 Your Spells              Type           Power      Damage    Failure   Level
a - Slow                  Hex            32%        N/A       9%          1

Your spell library contained the following spells:

 Spells                   Type           Power      Damage    Failure   Level
 Inner Flame              Hex/Fire       4%         N/A       41%         3
 Portal Projectile        Hex/Tloc       8%         N/A       41%         3
 Cause Fear               Hex            4%         N/A       65%         4

Inventory:

Hand Weapons
 Y - a +1 sling of freezing (weapon)
Armour
 b - a +0 leather armour
 c - a +0 robe (worn)
 g - a +2 pair of boots (worn)
Scrolls
 a - a scroll of identify
Potions
 e - a potion of mutation {unknown}
 h - a potion of might {unknown}

Dungeon Overview and Level Annotations

Branches:
Dungeon (2/15)

Altars:


Message History

The jackal bites you.
The giant cockroach bites you but does no damage.
The gnoll hits you but does no damage.
You shoot a sling bullet.
The sling bullet hits the jackal but does no damage.
The jackal bites you.
The giant cockroach bites you but does no damage.
The jackal bites you. The gnoll hits you but does no damage.
You shoot a sling bullet.
The sling bullet closely misses the jackal.
The sling bullet barely misses the bat.
The sling bullet hits the gnoll!
The sling bullet freezes the gnoll.
The gnoll is severely wounded.
The giant cockroach bites you.
The jackal bites you but does no damage.
The gnoll hits you from afar with a +0 spear.
The jackal bites you but does no damage.
The giant cockroach misses you.
You shoot a sling bullet.
The sling bullet closely misses the jackal.
The sling bullet hits the bat.
The sling bullet freezes the bat.
You kill the bat!
The jackal bites you but does no damage.
The gnoll hits you from afar with a +0 spear.
The giant cockroach bites you but does no damage.
You shoot a sling bullet.
The sling bullet hits the jackal but does no damage.
The jackal closely misses you. The giant cockroach barely misses you.
The gnoll hits you from afar with a +0 spear.
The jackal misses you.
The giant cockroach bites you but does no damage.
The gnoll hits you from afar with a +0 spear.
You shoot a sling bullet. The sling bullet hits the jackal.
The sling bullet freezes the jackal.
The jackal is heavily wounded.
The jackal bites you but does no damage.
The giant cockroach bites you but does no damage.
The jackal bites you but does no damage.
The gnoll hits you from afar with a +0 spear.
You die...

#... ...
#..###.###.
#....#....
#....#).#
#....#..#
#.......#
###...#B#######
#......@.......
#.#.###h#######
#.#.#


ggg #.#.#..... #.#.#...... #.#.#....... #.#.......... #.#.###.###### .#
#.#.#.#.# ####.# You could see 3 gnolls, a jackal and a giant cockroach.

Vanquished Creatures
  An adder (D:2)
  3 dart slugs
  7 ball pythons
  7 bats
  2 endoplasms (D:1)
  3 giant cockroaches (D:1)
  2 goblins
  5 hobgoblins
  A jackal (D:2)
  5 kobolds
  A quokka (D:1)
  2 frilled lizards
  A rat (D:1)
40 creatures vanquished.

Notes
Turn   | Place    | Note
-------+----------+-------------------------------------------
     0 | D:1      | qw the Gargoyle Hexslinger began the quest for the Orb.
     0 | D:1      | Reached XP level 1. HP: 12/12 MP: 2/2
     0 | D:1      | 0 ||| qw: Version: 0.3-a-46-gb1f654a
     0 | D:1      | 0 ||| qw: Game counter: 2768
     0 | D:1      | 0 ||| qw: Melee chars always use a shield: true
     0 | D:1      | 0 ||| qw: God list: Okawaru
     0 | D:1      | 0 ||| qw: Allow faded altars: false
     0 | D:1      | 0 ||| qw: Do Orc after clearing Dungeon:15 true
     0 | D:1      | 0 ||| qw: Do second Lair branch before Depths: true
     0 | D:1      | 0 ||| qw: Lair rune preference: random
     0 | D:1      | 0 ||| qw: Goals: Normal
     0 | D:1      | 0 ||| PLANNING D:1-11
    68 | D:1      | Reached XP level 2. HP: 16/16 MP: 3/3
   153 | D:1      | Reached skill level 3 in Ranged Weapons
   306 | D:1      | Reached XP level 3. HP: 21/21 MP: 4/4
   347 | D:1      | Found a faded altar of an unknown god.
   440 | D:1      | 440 ||| UPGRADING to +2 pair of boots.
   445 | D:1      | 445 ||| READING 2 scrolls labelled VAACHOM ATAWN.
   446 | D:1      | 446 ||| READING scroll labelled SEIHECHAHIA.
   447 | D:1      | 447 ||| DROPPING scroll of poison.
   679 | D:2      | Reached XP level 4. HP: 26/26 MP: 5/5
   683 | D:2      | HP: 2/26 [gnoll/+0 spear (6)]
   684 | D:2      | Slain by a gnoll

Levels and vault maps discovered:
D:1:      wheals_arrival_shading, layout_basic,
          ebering_ecumenical_altar_sacrificial
D:2:      layout_basic, minmay_ruptured

Skill      XL: |  1  2 |
---------------+-------+-----
Ranged Weapons | 3 |  3.8
Fighting       | 2 |  2.0
Dodging        | |  1.5
Spellcasting   | |  1.0
Hexes          | |  2.6

Action                     |  1- 3 |  4- 6 || total
---------------------------+-------+-------++-------
   Fire: Sling             |   111 |     6 ||   117
    Use: Scroll            |     2 |       ||     2
 Armour: Robe              |    21 |    13 ||    34
  Dodge: Dodged            |    42 |     5 ||    47

Table legend:
 A = Non-vault XP
 B = Vault XP
 C = Vault XP percentage of total XP
 D = Non-vault monster count
 E = Vault monster count
 F = Vault count percentage of total count
                 A         B        C        D         E       F
            +---------+---------+-------+---------+---------+-------
      Total |      79 |       6 |   7.1 |      36 |       4 |  10.0
            +---------+---------+-------+---------+---------+-------
        D:1 |      49 |       0 |   0.0 |      26 |       0 |   0.0
        D:2 |      30 |       6 |  16.7 |      10 |       4 |  28.6
            +---------+---------+-------+---------+---------+-------
